 Dungeon Crawl Stone Soup version 0.28-a0-1510-gd0f6b136d3 (webtiles) character file.

Game seed: 14306995192665525077

372 croobank the Sneak (level 6, -1/54 HPs)
             Began as an Octopode Summoner on Jan 16, 2022.
             Slain by Pikel (2 damage)
             ... on level 4 of the Dungeon.
             The game lasted 00:17:49 (3924 turns).

croobank the Sneak (Octopode Summoner)              Turns: 3924, Time: 00:17:49

Health: -1/54      AC: 23    Str:  7    XL:     6   Next: 71%
Magic:  0/11       EV:  2    Int: 21    God:
Gold:   199        SH:  0    Dex: 13    Spells: 2/11 levels left

rFire   + . .      SeeInvis .   a - +1 short sword (chaos)
rCold   . . .      Faith    .   (no shield)
rNeg    + . .      Spirit   .   (helmet currently unavailable)
rPois   +          Reflect  .   (no amulet)
rElec   .          Harm     .   d - ring "Tifiji" {rPois rF+ rN+ Str-2 Int+4}
rCorr   .          Rampage  .   (no ring)
Will    .....      NoTele   +   (no ring)
Stlth   +++.......              (no ring)
HPRegen 0.18/turn               (no ring)
MPRegen 0.12/turn               (no ring)
                                (no ring)
                                (no ring)

@: tree-form, very slightly contaminated
A: stationary, stasis, torment immunity, boosted hp, almost no armour,
(amphibious), 8 rings, (camouflage 1), (gelatinous body 1), (nimble swimmer 1),
(tentacles)
a: no special abilities


You were on level 4 of the Dungeon.
You were a tree.
You visited 1 branch of the dungeon, and saw 4 of its levels.

You collected 199 gold pieces.

Inventory:

Hand Weapons
 a - a +1 short sword of chaos (weapon)
 b - a +0 hunting sling
 h - a +0 dagger
 m - a +0 shortbow
 t - a +0 scythe
Missiles
 c - 86 stones
 j - 50 arrows
 r - 18 sling bullets
 s - 6 poisoned darts
Magical Staves
 o - a staff of conjuration
Jewellery
 d - the ring "Tifiji" (left branch) {rPois rF+ rN+ Str-2 Int+4}
   (You acquired it on level 3 of the Dungeon)

   [ring of positive energy]

   Str:       It affects your strength (-2).
   Int:       It affects your intelligence (+4).
   rF:        It protects you from fire.
   rPois:     It protects you from poison.
   rN:        It protects you from negative energy.
 e - an amulet of faith
Scrolls
 f - a scroll of blinking {unknown}
 i - a scroll of identify
Potions
 g - 2 potions of degeneration
 k - 5 potions of curing
 l - a potion of ambrosia
 q - a potion of resistance {unknown}


   Skills:
 + Level 3.6 Dodging
 + Level 5.2 Stealth
 + Level 3.3 Spellcasting
 + Level 1.9 Conjurations
 + Level 5.0 Summonings


You had 2 spell levels left.
You knew the following spells:

 Your Spells              Type           Power      Damage    Failure   Level
a - Summon Small Mammal   Summ           96%        N/A       1%          1
b - Call Imp              Summ           24%        N/A       2%          2
c - Call Canine Familiar  Summ           24%        N/A       4%          3
d - Summon Guardian Gole  Hex/Summ       14%        N/A       14%         3

Your spell library contained the following spells:

 Spells                   Type           Power      Damage    Failure   Level
 Freeze                   Ice            12%        1d4       13%         1
 Sandblast                Erth           6%         2d5       13%         1
 Passwall                 Tmut/Erth      2%         N/A       19%         2
 Stone Arrow              Conj/Erth      14%        3d7       26%         3
 Frozen Ramparts          Ice            6%         1d2       36%         3
 Summon Lightning Spire   Summ/Air       14%        N/A       41%         4
 Hailstorm                Conj/Ice       7%         3d4       65%         4


Dungeon Overview and Level Annotations

Branches:
Dungeon (4/15)
 Temple: D:4-7

Altars:
Fedhas

Annotations:
D:3 1 runed translucent door, Crazy Yiuf
D:4 Pikel


Innate Abilities, Weirdness & Mutations

You are a tree.
Your roots penetrate the ground, keeping you stationary.
You cannot be teleported.
You are immune to unholy pain and torment.
Your maximum health is greatly increased.
You cannot wear most types of armour.
((You are amphibious.))
You can wear up to eight rings at the same time.
((Your skin changes colour to match your surroundings (Stealth+).))
((Your rubbery body absorbs attacks. (AC +1, EV +1)))
((You are camouflaged when in or above water. (Stealth+)))
((You have tentacles for arms and can constrict up to eight enemies at once.))


Message History

Confirm with . or Enter, or press ? or * to list all spells.
The spell is quite dangerous to miscast (14% risk of failure)!
Continue anyway?
You miscast Summon Guardian Golem.
Nothing appears to happen.
Your hound misses the lemure.
Your quokka completely misses Pikel.
The lemure barely misses your hound.
Your shadow imp barely misses Pikel.
Your hound bites the lemure but does no damage.
Something hits your quokka.
Your quokka dies!
Your quokka's corpse disappears in a puff of smoke!
Pikel hits your shadow imp with a +0 whip of freezing.
Your shadow imp dies!
Your shadow imp disappears in a puff of smoke!
You hit the lemure but do no damage. Lightning courses through the lemure!
You kill the lemure!
That felt strangely unrewarding.
It was a potion of flight.
You feel very buoyant.
You fly up into the air.
You closely miss Pikel. You grab Pikel. You squeeze Pikel, but do no damage.
You constrict Pikel, but do no damage.
Your hound bites Pikel.
Your hound barely misses Pikel.
Pikel hits you with a +0 whip of freezing!
Pikel freezes you.
You hit Pikel but do no damage.
Pikel is lightly wounded.
You constrict Pikel.
Your hound barely misses Pikel.
The lemure hits you! The lemure closely misses your hound.
Pikel hits you with a +0 whip of freezing!
* * * LOW HITPOINT WARNING * * *
Pikel freezes you.
* * * LOW HITPOINT WARNING * * *
It was a potion of lignification.
You turn into a tree.
Your roots penetrate the ground.
You lose your grip on Pikel.
Your hound bites Pikel but does no damage.
The lemure hits you but does no damage. The lemure hits your hound!
Your hound barely misses the lemure.
Pikel hits you with a +0 whip of freezing.
* * * LOW HITPOINT WARNING * * *
Pikel freezes you.
You die...

###.......###.#....##...
##.......##............
(....#...................###
..5..##..........##..##..#.#
5...#....#####.##..###.....
55......## #.......##..#.. .
#...##..####.......#..#..
...##.. #.5##............##.
#......##5K♣...##...........
#........5h....#............
..##...##.....##............
#####......###..........#
#..#...##..#..#.....#
#..##......#...##...#
#..............##..##
##............######
###.....###.......#


You could see Pikel, 3 lemures and a friendly hound (summoned).

Vanquished Creatures
  A lemure (D:4)
  Jessica (D:2)
  An orc wizard (D:3)
  An adder (D:4)
  2 ufetubi
  2 orcs (D:3)
  4 endoplasms
  A giant cockroach (D:4)
  2 goblins
  7 hobgoblins
  3 kobolds
  2 quokkas
  3 ball pythons
  3 bats (D:1)
  4 frilled lizards
  15 rats
52 creatures vanquished.

Vanquished Creatures (collateral kills)
  Sigmund (D:4)
  A bullfrog skeleton (D:4)
  An orc wizard (D:3)
  2 adders
  An adder skeleton (D:4)
  2 worms (D:2)
  A ball python (D:2)
  2 bats (D:2)
  3 endoplasms
  2 hobgoblins (D:1)
  A quokka (D:2)
  A frilled lizard (D:3)
  8 rats (D:2)
26 creatures vanquished.

Vanquished Creatures (others)
  2 orcs (D:3)
2 creatures vanquished.

Grand Total: 80 creatures vanquished

Notes
Turn   | Place    | Note
-------+----------+-------------------------------------------
     0 | D:1      | croobank the Octopode Summoner began the quest for the Orb.
     0 | D:1      | Reached XP level 1. HP: 11/11 MP: 3/3
   355 | D:1      | Reached XP level 2. HP: 17/17 MP: 5/5
   699 | D:1      | Learned a level 2 spell: Call Imp
  1059 | D:1      | Reached XP level 3. HP: 21/21 MP: 6/6
  1517 | D:2      | Learned a level 3 spell: Call Canine Familiar
  1524 | D:2      | Noticed Jessica
  1536 | D:2      | Killed Jessica
  1537 | D:2      | Reached XP level 4. HP: 18/27 MP: 1/7
  1825 | D:2      | Found a faded altar of an unknown god.
  2372 | D:3      | Identified a scroll of acquirement
  2372 | D:3      | Acquired the ring "Tifiji" {rPois rF+ rN+ Str-2 Int+4}
  2681 | D:3      | Reached XP level 5. HP: 31/31 MP: 0/9
  2688 | D:3      | Learned a level 3 spell: Summon Guardian Golem
  3026 | D:3      | Found a blossoming altar of Fedhas.
  3184 | D:3      | Found a runed translucent door.
  3186 | D:3      | Noticed Crazy Yiuf
  3401 | D:4      | Reached skill level 1 in Conjurations
  3406 | D:4      | Noticed Sigmund
  3522 | D:4      | Killed Sigmund
  3523 | D:4      | Reached skill level 5 in Stealth
  3523 | D:4      | Reached skill level 5 in Summonings
  3523 | D:4      | Reached XP level 6. HP: 20/36 MP: 2/10
  3907 | D:4      | Noticed Pikel
  3924 | D:4      | HP: 1/54 [Pikel (5)]
  3924 | D:4      | Slain by Pikel

Illustrated notes

Levels and vault maps discovered:
D:1:      kennysheep_arrival_forest, layout_loops_ring
D:2:      layout_basic, shapermc_ecumenical_altar_notcrosses,
          minmay_misc_feat_enclosed, minmay_rat_hole, uniq_jessica
D:3:      layout_rooms, mainiacjoe_overflow_cross_hatched, lemuel_old_faithful,
          uniq_crazy_yiuf_cottage
D:4:      layout_cave_pools, tgw_sif, uniq_pikel, uniq_sigmund

Skill      XL: |  1  2  3  4  5 |
---------------+----------------+-----
Stealth        | 3 4 5 |  5.2
Dodging        | 3 |  3.6
Conjurations   | 1 |  1.9
Spellcasting   | 3 |  3.3
Summonings     | 5 |  5.0

Action                   |  1- 3 |  4- 6 || total
-------------------------+-------+-------++-------
Melee: Dagger            |    52 |    31 ||    83
       Unarmed           |     3 |       ||     3
       Tentacles         |    10 |    15 ||    25
       Constrict         |    10 |    22 ||    32
       Short sword       |       |    39 ||    39
 Fire: Hunting sling     |       |     5 ||     5
 Cast: Summon Small Mamm |    10 |    11 ||    21
       Call Imp          |     2 |     8 ||    10
       Call Canine Famil |     1 |     7 ||     8
       Summon Guardian G |       |     2 ||     2
  Use: Scroll            |       |     6 ||     6
       Potion            |       |     2 ||     2
 Stab: Sleeping          |     7 |     1 ||     8
Armor: Skin              |     2 |     5 ||     7
Dodge: Dodged            |    32 |    69 ||   101

Table legend: (Time is in decaauts)
 A = Elapsed time spent in this place.
 B = Non-inter-level travel time spent in this place.
 C = Inter-level travel time spent in this place.
 D = Time resting spent in this place.
 E = Time spent auto-exploring this place.
 F = Levels seen in this place.
 G = Mean time per level.
                   A        B        C        D        E       F      G
               +--------+--------+--------+--------+--------+-----+--------+
         Total |   3925 |   3830 |     95 |    562 |   2483 |   4 |  981.2 |
       Dungeon |   3925 |   3830 |     95 |    562 |   2483 |   4 |  981.2 |
               +--------+--------+--------+--------+--------+-----+--------+

Top non-repeatable levels by time:
     D:1: 1199 daAuts
     D:2: 1171 daAuts
     D:3: 983 daAuts
     D:4: 571 daAuts
